[Event "ICC tourney 1955 (60 10)"]
[Site "Internet Chess Club"]
[Date "2020.08.08"]
[Round "4"]
[White "advaith06"]
[Black "firewoods"]
[Result "0-1"]
[ICCResult "White resigns"]
[WhiteElo "2019"]
[BlackElo "2194"]
[Opening "QGD: semi-Slav, Marshall gambit"]
[ECO "D31"]
[NIC "SL.06"]
[Time "12:06:40"]
[TimeControl "3600+10"]

1. d4 d5 2. c4 e6 3. Nc3 c6 4. e4 dxe4 5. Nxe4 Nf6 6. Nxf6+ Qxf6 7. Nf3 Bb4+
8. Bd2 Qe7 9. Bd3 O-O 10. O-O Bxd2 11. Qxd2 c5 12. dxc5 Qxc5 13. Rad1 Nc6
14. Qf4 e5 15. Qe4 g6 16. Rfe1 Re8 17. Qh4 f5 18. Bf1 Kg7 19. Rd5 Qb4 20.
Rb5 Qd6 21. Rd5 Qf6 22. Qxf6+ Kxf6 23. Rd6+ Be6 24. c5 Rad8 25. Red1 e4 26.
Ne1 Rxd6 27. Rxd6 Rd8 28. Rxd8 Nxd8 29. b3 Ke5 30. Nc2 Kd5 31. b4 f4 32. Bb5
a6 33. Be2 Nc6 34. a4 Nd4 35. Nxd4 Kxd4 36. c6 bxc6 37. Bxa6 Kc3 38. Bb7 e3
39. fxe3 fxe3 40. Kf1 Kd2 41. Ba6 Bg4 42. Bc4 e2+ 43. Bxe2 Bxe2+ 44. Kf2 Bc4
45. b5 Bxb5 {White resigns} 0-1

[Event "ICC tourney 1955 (60 10)"]
[Site "Internet Chess Club"]
[Date "2020.08.08"]
[Round "4"]
[White "dzchess01"]
[Black "aquilesboy"]
[Result "1/2-1/2"]
[ICCResult "Game drawn by mutual agreement"]
[WhiteElo "1838"]
[BlackElo "1952"]
[Opening "Sicilian: Taimanov variation"]
[ECO "B48"]
[NIC "SI.40"]
[Time "12:06:12"]
[TimeControl "3600+10"]

1. e4 c5 2. Nf3 e6 3. d4 cxd4 4. Nxd4 Nc6 5. Nc3 Qc7 6. Be3 a6 7. Nxc6 bxc6
8. Bd3 Nf6 9. O-O d5 10. f4 Be7 11. e5 Nd7 12. Ne2 O-O 13. Ng3 c5 14. c4
dxc4 15. Bxc4 Nb6 16. Qc2 Nxc4 17. Qxc4 Bb7 18. Rfc1 Bd5 19. Qe2 Rfc8 20.
Rc2 g6 21. a3 Qa5 22. Rac1 c4 23. Bd4 Bc5 24. Qe3 Qb6 25. Ne2 Bxd4 26. Qxd4
Qxd4+ 27. Nxd4 Rc7 28. Kf2 Rb7 29. Ke3 Rab8 30. Rb1 a5 31. g4 c3 32. b4 axb4
33. axb4 Rxb4 34. Rxb4 Rxb4 35. Rxc3 Rb2 36. Rc2 Rxc2 37. Nxc2 h6 38. f5
gxf5 39. gxf5 exf5 40. Nd4 Ba2 41. Kf4 Kg7 42. Nxf5+ Kg6 43. Ne7+ Kg7 44.
Nf5+ Kg6 45. Nd4 Bb1 46. Nf3 Ba2 47. Nh4+ Kh5 48. Nf3 Bd5 49. Nd4 Kg6
{Game drawn by mutual agreement}
1/2-1/2

[Event "ICC tourney 1955 (60 10)"]
[Site "Internet Chess Club"]
[Date "2020.08.08"]
[Round "4"]
[White "alkanet"]
[Black "sgangavarapu"]
[Result "1/2-1/2"]
[ICCResult "Game drawn because neither player has mating material"]
[WhiteElo "2158"]
[BlackElo "1855"]
[Opening "Sicilian: Prins (Moscow) variation"]
[ECO "B55"]
[NIC "SI.01"]
[Time "12:06:34"]
[TimeControl "3600+10"]

1. e4 c5 2. Nf3 d6 3. d4 cxd4 4. Nxd4 Nf6 5. f3 e5 6. Nb3 a6 7. c4 Be7 8.
Be3 Be6 9. Nc3 O-O 10. Be2 Nbd7 11. O-O Rc8 12. Nd5 Bxd5 13. cxd5 Nh5 14.
Qd2 Nf4 15. Rfc1 Nxe2+ 16. Qxe2 Rxc1+ 17. Rxc1 f5 18. exf5 Rxf5 19. Qc2 Rf8
20. Qc7 Nc5 21. Qxd8 Rxd8 22. Nxc5 dxc5 23. Bxc5 Kf7 24. Be3 Rxd5 25. Rc7
Ke6 26. Rxb7 Rb5 27. Rxb5 axb5 28. Kf2 Kd5 29. Ke2 e4 30. fxe4+ Kxe4 31. a3
h5 32. Bc1 g5 33. b3 Bd6 34. h3 g4 35. hxg4 hxg4 36. a4 bxa4 37. bxa4 Bc5
38. a5 Kd5 39. Be3 Bd6 40. Kd3 Kc6 41. a6 g3 42. Ke4 Bb4 43. Kf3 Be1 44. Kg4
Kc7 45. Bf4+ Kb6 46. Bxg3 Ba5 47. Kf5 Kxa6 48. Be5 Kb5 49. g4 Kc6 50. g5 Kd7
51. g6 Ke8 52. Bg7 Be1 53. Kg5 Bd2+ 54. Kh5 Be3 55. Kg4 Bd2 56. Kf5 Be3 57.
Ke6 Bd2 58. Kf5 Be3 59. Kg4 Bd2 60. Kh5 Be3 61. Kh4 Bd2 62. Kg4 Be3 63. Kf3
Bd2 64. Ke4 Bg5 65. Kf5 Be3 66. Ke5 Bd2 67. Ke6 Be3 68. Kf5 Bd2 69. Kg4 Be3
70. Kh5 Bd2 71. Bh6 Bc3 72. Kg4 Bh8 73. Kf5 Ke7 74. Bg5+ Kf8 75. Bf6 Bg7 76.
Ke6 Kg8 77. Bg5 Kf8 78. Kd7 Kg8 79. Ke8 Ba1 80. Bh6 Bg7 81. Be3 Ba1 82. Bh6
Bg7 83. Bxg7 Kxg7 84. Kd8 Kxg6
{Game drawn because neither player has mating material}
1/2-1/2

[Event "ICC tourney 1955 (60 10)"]
[Site "Internet Chess Club"]
[Date "2020.08.08"]
[Round "4"]
[White "ikeepchecking"]
[Black "mydogeatschess"]
[Result "1-0"]
[ICCResult "Black resigns"]
[WhiteElo "2105"]
[BlackElo "1884"]
[Opening "Giuoco Pianissimo"]
[ECO "C55"]
[NIC "IG.01"]
[Time "12:06:48"]
[TimeControl "3600+10"]

1. e4 e5 2. Nf3 Nc6 3. Bc4 Nf6 4. d3 Bc5 5. O-O a6 6. c3 Ba7 7. Bb3 d6 8.
Nbd2 O-O 9. h3 h6 10. Re1 Re8 11. Nf1 Be6 12. Ng3 d5 13. exd5 Bxd5 14. Be3
Bxe3 15. Rxe3 Qd7 16. Qe1 Bxb3 17. axb3 Rad8 18. Rd1 Qe6 19. b4 Nd5 20. Re2
Nf4 21. Red2 Qg6 22. Qe4 Re6 23. d4 Qxe4 24. Nxe4 exd4 25. Nc5 Rg6 26. Nh4
Rg5 27. g3 Re8 28. Kh2 Rh5 29. Nxb7 Re2 30. Nc5 Rxd2 31. Rxd2 Nd5 32. Nxa6
dxc3 33. bxc3 Re5 34. f4 Rh5 35. g4 Rxh4 36. Rxd5 f6 37. f5 Ne5 38. Rxe5
fxe5 39. Kg3 g5 40. fxg6 Kg7 41. Kxh4 Kxg6 42. Nxc7 e4 43. Nd5 h5 44. Ne3
hxg4 45. hxg4 Kh6 46. g5+ Kg6 47. b5 {Black resigns} 1-0

[Event "ICC tourney 1955 (60 10)"]
[Site "Internet Chess Club"]
[Date "2020.08.08"]
[Round "4"]
[White "aadit1709"]
[Black "rtahmass"]
[Result "0-1"]
[ICCResult "White resigns"]
[WhiteElo "1999"]
[BlackElo "2179"]
[Opening "King's Indian: fianchetto without c4"]
[ECO "A49"]
[NIC "QP.06"]
[Time "12:07:26"]
[TimeControl "3600+10"]

1. d4 Nf6 2. Nf3 g6 3. g3 Bg7 4. Bg2 O-O 5. O-O d6 6. b3 c5 7. Bb2 Nc6 8. c4
Bf5 9. Nc3 Ne4 10. Rc1 cxd4 11. Nxe4 Bxe4 12. Nxd4 Bxg2 13. Kxg2 Qb6 14. e3
a5 15. Bc3 a4 16. Nxc6 Qxc6+ 17. Qd5 axb3 18. axb3 Ra3 19. Bxg7 Kxg7 20. b4
Kf6 21. Rfd1 Rc8 22. c5 dxc5 23. Rxc5 Qxd5+ 24. Rdxd5 Rxc5 25. Rxc5 Ra6 26.
Rb5 Ra7 27. Kf3 Ke6 28. Kf4 f6 29. h4 Kd6 30. Ke4 h5 31. f4 Kc6 32. Rc5+ Kb6
33. Kd4 Ra4 34. Kc4 Ra3 35. f5 gxf5 36. Rxf5 Rxe3 37. Rxh5 Rxg3 38. Rh7 Rg4+
39. Kc3 e5 40. h5 Rh4 41. Rh6 Kb5 42. Rxf6 Rxh5 43. Re6 Rh3+ 44. Kd2 Rh2+
45. Kc3 Re2 46. Kd3 Re1 47. Re7 b6 48. Re6 Rc1 49. Rxe5+ Kxb4 50. Kd2 Rc5
51. Re3 b5 52. Rh3 Ka4 53. Rh1 b4 54. Ra1+ Kb3 55. Rb1+ Ka3 56. Ra1+ Kb2 57.
Ra8 b3 58. Rd8 Kb1 59. Kd1 b2 60. Rd7 Ra5 61. Rd8 Ka1 {White resigns} 0-1

[Event "ICC tourney 1955 (60 10)"]
[Site "Internet Chess Club"]
[Date "2020.08.08"]
[Round "4"]
[White "OctopusYule"]
[Black "saiabhi29"]
[Result "1/2-1/2"]
[ICCResult "Game drawn by repetition"]
[WhiteElo "1849"]
[BlackElo "2055"]
[Opening "Sicilian: Labourdonnais-Löwenthal (Kalashnikov) variation"]
[ECO "B32"]
[NIC "SI.32"]
[Time "12:06:53"]
[TimeControl "3600+10"]

1. e4 c5 2. Nf3 Nc6 3. d4 cxd4 4. Nxd4 e5 5. Nb5 d6 6. N1c3 a6 7. Na3 Be7 8.
Nc4 Nf6 9. Bg5 O-O 10. Bxf6 Bxf6 11. Be2 Be6 12. O-O Nd4 13. Ne3 Rc8 14. Bd3
Bg5 15. Ned5 Bf4 16. Nxf4 exf4 17. Ne2 Nxe2+ 18. Bxe2 Qb6 19. b3 Qc5 20. c4
Qe5 21. Re1 Rfe8 22. Bg4 Qg5 23. Bxe6 Rxe6 24. Qf3 Qe5 25. Rad1 Rce8 26. Qd3
h6 27. Qd4 Qa5 28. Qd2 Qxd2 29. Rxd2 Rxe4 30. Rxe4 Rxe4 31. f3 Re6 32. Kf2
Kf8 33. Rd5 Ke7 34. Rf5 g5 35. h4 Re5 36. Rxe5+ dxe5 37. hxg5 hxg5 38. Ke2
Kd6 39. Kd3 f5 40. b4 b5 41. c5+ Kd5 42. a3 e4+ 43. Ke2 g4 44. Kf2 Ke5 45.
Ke2 Ke6 46. Kf2 Kd5 47. Ke2 Kc6 48. Kf2 Kb7 49. Ke2 Kc8 50. Kf2 Kd8 51. Ke2
Ke8 52. Kf2 Ke7 53. Ke2 Kd7 54. Kf2 Kc6 55. Ke2 a5 56. Kf2 Kd5 57. Ke2 axb4
58. axb4 Kc6 59. Kf2 Kd7 60. Ke2 Ke6 61. Kf2 Kd5 62. Ke2 Ke5 63. Kf2 Ke6 64.
Ke2 Kf7 65. Kf2 Kf6 66. Ke2 Kf7 67. Kf2 Kf8 68. Ke2 Ke8 69. Kf2 Kd8 70. Ke2
Kc8 71. Kf2 Kb8 72. Ke2 Ka8 73. Kf2 Ka7 74. Ke2 Ka6 75. Kf2 Kb7 76. Ke2 Kc6
77. Kf2 Kd5 78. Ke2 Ke6 79. Kf2 e3+ 80. Ke2 Kd5 81. Kf1 Ke5 82. Ke2 Ke6 83.
Ke1 Kd7 84. Ke2 Kc6 85. Ke1 Kd5 86. Ke2 Kc6 87. Ke1 Kd7 88. Ke2 Kc7 89. Ke1
Kb7 90. Ke2 Ka7 91. Ke1 Ka8 92. Ke2 Kb8 93. Ke1 Kc8 94. Ke2 Kd8 95. Ke1 Ke7
96. Ke2 Kd7 97. Ke1 Kc6 98. Ke2 Kd5 99. Ke1 Kc6 100. Ke2 Kd5 101. Ke1 Kc6
102. Ke2 Kd5 103. Ke1 Kc6 104. Ke2 Kd5 105. Ke1 Kc6 {Game drawn by
repetition} 1/2-1/2

[Event "ICC tourney 1955 (60 10)"]
[Site "Internet Chess Club"]
[Date "2020.08.08"]
[Round "4"]
[White "Lukastico"]
[Black "Gfprasanna"]
[Result "0-1"]
[ICCResult "White resigns"]
[WhiteElo "1907"]
[BlackElo "2132"]
[Opening "QGD Slav: Dutch variation"]
[ECO "D18"]
[NIC "SL.05"]
[Time "12:06:52"]
[TimeControl "3600+10"]

1. Nf3 d5 2. d4 Nf6 3. c4 c6 4. Nc3 dxc4 5. a4 Bf5 6. e3 e6 7. Bxc4 Bb4 8.
O-O h6 9. Qb3 a5 10. Na2 Be7 11. Qxb7 Nbd7 12. Qb3 Rb8 13. Qd1 O-O 14. Bd3
Bxd3 15. Qxd3 Nc5 16. Qc4 Nb3 17. Rb1 Qd5 18. Qc2 Qe4 19. Qxe4 Nxe4 20. Rd1
Rfd8 21. Ne5 Rdc8 22. f3 Nd6 23. Bd2 f6 24. Ng6 Kf7 25. Nxe7 Kxe7 26. Bc3
Nc4 27. Kf2 Nb6 28. Nc1 Nxa4 29. Nxb3 Rxb3 30. Bxa5 Rcb8 31. e4 Nxb2 32.
Rxb2 Rxb2+ 33. Kg3 Ra2 34. Bc7 Rbb2 35. Rg1 Kd7 36. Bf4 g5 37. Be3 Re2 38.
Bc1 Ra1 39. h3 Rc2 40. Be3 Rxg1 41. Bxg1 Re2 42. Bh2 e5 43. dxe5 fxe5 44.
Bg1 Kd6 45. Ba7 c5 46. Kg4 Ra2 47. Bb8+ Ke6 48. Bc7 Ra6 49. Kh5 c4
{White resigns}
0-1

[Event "ICC tourney 1955 (60 10)"]
[Site "Internet Chess Club"]
[Date "2020.08.08"]
[Round "4"]
[White "gardemarin13"]
[Black "Quinlandia"]
[Result "1/2-1/2"]
[ICCResult "Game drawn by mutual agreement"]
[WhiteElo "1931"]
[BlackElo "2029"]
[Opening "Caro-Kann: exchange, Rubinstein variation"]
[ECO "B13"]
[NIC "CK.02"]
[Time "12:06:20"]
[TimeControl "3600+10"]

1. e4 c6 2. d4 d5 3. exd5 cxd5 4. Bd3 Nc6 5. c3 Nf6 6. Bf4 Bg4 7. Qb3 Qd7 8.
Nd2 e6 9. Ngf3 Bxf3 10. Nxf3 Bd6 11. Bg3 Bxg3 12. hxg3 Qc7 13. O-O h5 14.
Rae1 O-O-O 15. Qa4 Ng4 16. Bb5 h4 17. Bxc6 bxc6 18. Ne5 Nxe5 19. Rxe5 hxg3
20. fxg3 Rh6 21. Rf3 Rdh8 22. c4 Qb6 23. cxd5 Rh1+ 24. Kf2 Rb1 25. Rc3 Qxb2+
26. Rc2 Qa1 27. Qxc6+ Kb8 28. Qc4 Rb2 29. Rxb2+ Qxb2+ 30. Re2 Qb1 31. dxe6
Qf5+ 32. Kg1 Qb1+ 33. Kf2 Qf5+ 34. Ke1 Rh1+ 35. Kd2 Qa5+ 36. Kc2 Qf5+ 37.
Kb3 Rb1+ 38. Rb2 Rxb2+ 39. Kxb2 fxe6 40. Qb4+ Kc8 41. Qd6
{Game drawn by mutual agreement}
1/2-1/2

[Event "ICC tourney 1955 (60 10)"]
[Site "Internet Chess Club"]
[Date "2020.08.08"]
[Round "4"]
[White "NK3"]
[Black "Zwish"]
[Result "0-1"]
[ICCResult "White forfeits on time"]
[WhiteElo "2136"]
[BlackElo "1976"]
[Opening "Sicilian: Kan, 5.Nc3"]
[ECO "B43"]
[NIC "SI.41"]
[Time "12:07:07"]
[TimeControl "3600+10"]

1. e4 c5 2. Nf3 e6 3. d4 cxd4 4. Nxd4 a6 5. Nc3 Qc7 6. Bd3 Nf6 7. O-O Be7 8.
Kh1 O-O 9. f4 d6 10. Qf3 Nbd7 11. g4 g6 12. g5 Nh5 13. Nde2 f6 14. gxf6 Bxf6
15. f5 Ne5 16. Qg2 exf5 17. exf5 Nxd3 18. cxd3 Bxc3 19. Nxc3 Rxf5 20. Be3
Qc6 21. Ne4 Be6 22. Rxf5 Bxf5 23. Rc1 Qd5 24. Nf2 Be6 25. a3 Re8 26. Re1 Bf7
27. Ng4 Qxg2+ 28. Kxg2 Bd5+ 29. Kg1 Rf8 30. Rf1 Bf3 31. h3 Ng3 32. Rf2 h5
33. Nh2 Bc6 34. Rxf8+ Kxf8 35. Kf2 Nf5 36. Bf4 Bb5 37. Ke2 Ke7 38. Nf3 Bd7
39. h4 Bc6 40. Bg5+ Ke6 41. Nd2 b5 42. Ne4 Ke5 43. Kf3 d5
{White forfeits on time}
0-1

[Event "ICC tourney 1955 (60 10)"]
[Site "Internet Chess Club"]
[Date "2020.08.08"]
[Round "4"]
[White "orangeman"]
[Black "Eric1127"]
[Result "1-0"]
[ICCResult "Black resigns"]
[WhiteElo "2013"]
[BlackElo "1648"]
[Opening "King's Indian defense"]
[ECO "E60"]
[NIC "KI.80"]
[Time "12:07:35"]
[TimeControl "3600+10"]

1. d4 Nf6 2. c4 g6 3. f3 c5 4. d5 d6 5. e4 Bg7 6. Nc3 Nbd7 7. Nh3 Ne5 8. Nf2
O-O 9. Be2 a6 10. a4 h5 11. Be3 Bd7 12. h3 Be8 13. Qd2 Kh7 14. O-O Ng8 15.
f4 Nd7 16. Qc2 Nh6 17. Nd3 Qc7 18. Ne1 f6 19. Nf3 Bf7 20. Bd3 Kh8 21. Qd2
Kh7 22. Rab1 Rac8 23. Qc2 Rg8 24. Nh4 Bh8 25. Nf3 Nf8 26. Ng5+ fxg5 27. fxg5
Nd7 28. gxh6 Ne5 29. Bg5 Rgf8 30. Ne2 b5 31. b3 b4 32. Kh1 a5 33. Ng1 Bg8
34. Nf3 Qd7 35. Nxe5 Bxe5 36. Qe2 Rce8 37. Rf3 Qc8 38. Rbf1 e6 39. Qd1 Kh8
40. Qc1 Rxf3 41. Rxf3 Rf8 42. Qf1 Rxf3 43. Qxf3 Kh7 44. Be2 exd5 45. exd5
Qd7 46. Bd3 Qf7 47. Qxf7+ Bxf7 48. Bd8 Kxh6 49. Bxa5 Be8 50. Bd8 Bd7 51. Kg1
h4 52. Bxh4 g5 53. Bf2 Bf6 54. Be3 Bd8 55. Kf2 Kg7 56. Kf3 Kf6 57. Bf2 Ke5
58. Ke3 Bc7 59. Bg3+ Kf6 60. h4 gxh4 61. Bxh4+ Ke5 62. Bg3+ Kf6 63. Kf4 Bc8
64. Bh4+ Kf7 65. Bf5 Bb7 66. Bd7 Kg6 67. g4 Bb6 68. Be8+ Kh7 69. g5 Kg7 70.
g6 Bc8 71. Be7 Bc7 72. Kg5 Bh3 73. Bf6+ Kg8 74. Bf7+ Kf8 75. Be6 {Black
resigns} 1-0

[Event "ICC tourney 1955 (60 10)"]
[Site "Internet Chess Club"]
[Date "2020.08.08"]
[Round "4"]
[White "AlexEmmons"]
[Black "glmccoy"]
[Result "1/2-1/2"]
[ICCResult "Game drawn by repetition"]
[WhiteElo "2027"]
[BlackElo "1878"]
[Opening "Old Benoni defense"]
[ECO "A43"]
[NIC "OI.09"]
[Time "12:07:18"]
[TimeControl "3600+10"]

1. d4 c5 2. dxc5 e6 3. Nc3 Bxc5 4. Ne4 Qb6 5. Nxc5 Qxc5 6. c3 Nc6 7. e4 Nf6
8. Bd3 Ne5 9. Bc2 b6 10. Nf3 d6 11. Be3 Qc7 12. Nxe5 dxe5 13. O-O Ba6 14.
Re1 Rd8 15. Qf3 Nd7 16. Qg3 Kf8 17. Rad1 f6 18. Qg4 Kf7 19. Qh5+ Ke7 20. Rd2
Nc5 21. Bxc5+ Qxc5 22. Red1 Rxd2 23. Rxd2 Bb5 24. Qd1 Qc7 25. Bb3 Bd7 26.
Qg4 Kf7 27. Qd1 Ke7 28. a4 Rd8 29. Qg4 g6 30. Qh3 h5 31. Qe3 Be8 32. Kf1
Rxd2 33. Qxd2 Qd8 34. Qe3 Kf7 35. Ke2 Kg7 36. a5 Qd6 37. axb6 axb6 38. Qd3
Qxd3+ 39. Kxd3 Kf7 40. c4 Ke7 41. Kc3 f5 42. Bc2 Kd6 43. h4 Kc5 44. b4+ Kd6
45. f3 Bd7 46. Kb3 Be8 47. Ka3 Bc6 48. Kb3 Be8 49. Ka3 Bc6 50. Bd3 Be8 51.
Bc2 {Game drawn by repetition} 1/2-1/2

[Event "ICC tourney 1955 (60 10)"]
[Site "Internet Chess Club"]
[Date "2020.08.08"]
[Round "4"]
[White "AJ2000"]
[Black "andrewf2009"]
[Result "0-1"]
[ICCResult "White resigns"]
[WhiteElo "1700"]
[BlackElo "1866"]
[Opening "Sicilian: Richter-Rauzer, 6...e6"]
[ECO "B62"]
[NIC "SI.27"]
[Time "12:06:13"]
[TimeControl "3600+10"]

1. e4 c5 2. Nf3 Nc6 3. d4 cxd4 4. Nxd4 Nf6 5. Nc3 d6 6. Bg5 e6 7. Ndb5 a6 8.
Nd4 Bd7 9. Be2 b5 10. a3 Be7 11. Qd2 O-O 12. Nb3 Qc7 13. O-O Rac8 14. Rad1
Ne5 15. Bxf6 gxf6 16. Qh6 Kh8 17. f4 Nc4 18. Rf3 Rg8 19. Rh3 Rg7 20. Bxc4
bxc4 21. Nd2 Qb6+ 22. Kh1 Qf2 23. g3 Rb8 24. Nxc4 d5 25. Nd2 d4 26. Ncb1 Bb5
27. g4 Be2 28. Rg1 Rxb2 29. Rg2 Rxb1+ 30. Nxb1 Qf1+ 31. Rg1 Bf3+ 32. Rxf3
Qxf3+ 33. Rg2 Rxg4 {White resigns} 0-1

[Event "ICC tourney 1955 (60 10)"]
[Site "Internet Chess Club"]
[Date "2020.08.08"]
[Round "4"]
[White "taupuri"]
[Black "StarWaricc"]
[Result "1/2-1/2"]
[ICCResult "Game drawn because neither player has mating material"]
[WhiteElo "1879"]
[BlackElo "1686"]
[Opening "King's Indian: London system"]
[ECO "A48"]
[NIC "QP.03"]
[Time "12:07:22"]
[TimeControl "3600+10"]

1. d4 Nf6 2. Nf3 g6 3. Bf4 Bg7 4. e3 d5 5. Bd3 O-O 6. O-O c5 7. c3 Nc6 8.
Nbd2 b6 9. Ne5 Bb7 10. Nxc6 Bxc6 11. h3 Qd7 12. Qe2 Ne4 13. Bxe4 dxe4 14.
dxc5 bxc5 15. Nb3 e5 16. Bh2 Qd3 17. Qxd3 exd3 18. Nxc5 e4 19. Nb3 Rfe8 20.
Nd2 a6 21. Rfc1 Ra7 22. Bd6 Rb7 23. b3 f5 24. Bc5 Rc8 25. Bd4 Rbc7 26. Bxg7
Kxg7 27. c4 Kf6 28. Rc3 a5 29. Rac1 Rb7 30. Kf1 a4 31. Rb1 Rcb8 32. Ke1 Ke5
33. Rbc1 g5 34. Rb1 f4 35. Nf1 h5 36. Kd2 Bd7 37. Ke1 h4 38. Nd2 g4 39.
exf4+ Kxf4 40. hxg4 Bxg4 41. Nf1 Rg8 42. Ne3 axb3 43. axb3 Ra7 44. Nxg4 Rxg4
45. Kf1 Ra2 46. c5 Ra8 47. Rc4 Rag8 48. Rxe4+ Kxe4 49. f3+ Ke3 50. fxg4 Rxg4
51. c6 Rg6 52. b4 Rf6+ 53. Kg1 Rxc6 54. b5 Rb6 55. Rb3 Ke2 56. Rb2+ d2 57.
Kh2 Ke1 58. Rb1+ d1=Q 59. Rxd1+ Kxd1 60. Kh3 Rxb5 61. Kxh4 Ke2 62. g4 Rb4
63. Kh5 Kf3 64. g5 Rg4 65. g6 Kf4 66. Kh6 Rh4+ 67. Kg7 Kf5 68. Kf7 Rh6 69.
g7 Rh7 70. Kf8 Rxg7 71. Kxg7
{Game drawn because neither player has mating material}
1/2-1/2

[Event "ICC tourney 1955 (60 10)"]
[Site "Internet Chess Club"]
[Date "2020.08.08"]
[Round "4"]
[White "vedrau"]
[Black "Rohith-p"]
[Result "1-0"]
[ICCResult "Black checkmated"]
[WhiteElo "1997"]
[BlackElo "2059"]
[Opening "English: four knights, Romanishin variation"]
[ECO "A28"]
[NIC "EO.05"]
[Time "12:07:00"]
[TimeControl "3600+10"]

1. c4 e5 2. Nc3 Nf6 3. Nf3 Nc6 4. e3 Bb4 5. Qc2 Bxc3 6. bxc3 Qe7 7. e4 d6 8.
g3 h6 9. Rb1 O-O 10. Bg2 a6 11. O-O Be6 12. Rxb7 Bxc4 13. d3 Bb5 14. a4 Na5
15. Rxb5 axb5 16. axb5 Qd7 17. Nh4 Qxb5 18. Nf5 Nb3 19. Be3 Nc5 20. Rd1 Qb3
21. Qe2 Qxc3 22. Bh3 Ra1 23. Rxa1 Qxa1+ 24. Kg2 Qb1 25. Bxh6 gxh6 26. Qe3
Nh7 27. Qxh6 Ne6 28. Ne7+ Kh8 29. Bf5 Ng5 30. h4 Rg8 31. hxg5 Rg7 32. Bxh7
Rxh7 33. Qf8# {Black checkmated} 1-0

[Event "ICC tourney 1955 (60 10)"]
[Site "Internet Chess Club"]
[Date "2020.08.08"]
[Round "4"]
[White "ickyquarter"]
[Black "Chessnutt2014"]
[Result "0-1"]
[ICCResult "White checkmated"]
[WhiteElo "2100"]
[BlackElo "1966"]
[Opening "Sicilian: Anderssen variation"]
[ECO "B41"]
[NIC "SI.41"]
[Time "12:06:32"]
[TimeControl "3600+10"]

1. e4 c5 2. Nf3 e6 3. d4 cxd4 4. Nxd4 Nf6 5. Nc3 Nc6 6. g3 Bb4 7. Bg2 O-O 8.
O-O d5 9. exd5 exd5 10. Bg5 Bxc3 11. bxc3 h6 12. Bf4 Bg4 13. Qd3 Re8 14.
Rfe1 Qd7 15. Rab1 Rac8 16. Nb3 b6 17. f3 Bf5 18. Qd2 Kh7 19. h4 Nh5 20. Rxe8
Rxe8 21. Rc1 Nxf4 22. Qxf4 Bh3 23. Rf1 Re2 24. Rf2 Re1+ 25. Kh2 Bxg2 26.
Kxg2 Qe6 27. Qd2 g6 28. a3 Qe5 29. a4 Ne7 30. Nd4 Qe3 31. Nb5 Qxd2 32. Rxd2
Ra1 33. Nxa7 Rxa4 34. Nb5 Rc4 35. Rd3 Nf5 36. Kf2 Rc5 37. Na3 Ra5 38. Nb1
Ra2 39. Rd2 Ra1 40. Rd1 Kg7 41. Rf1 Kf6 42. Nd2 Ra2 43. Rc1 d4 44. g4 Ne3
45. cxd4 Rxc2 46. Rxc2 Nxc2 47. Nb3 Ke6 48. Ke2 Kd5 49. Kd3 Ne1+ 50. Ke2 Ng2
51. h5 gxh5 52. Kf2 Nf4 53. Ke3 Ne6 54. gxh5 Ng7 55. Kf4 Nxh5+ 56. Kf5 Ng3+
57. Kf6 h5 58. Kg5 Ne2 59. Kxh5 Nxd4 60. Nd2 b5 61. Kg5 f5 62. f4 Ke6 63.
Kg6 b4 64. Kg5 b3 65. Kg6 b2 66. Nb1 Kd5 67. Kg5 Ke4 68. Nd2+ Kd3 69. Nb1
Kc2 70. Na3+ Kc1 71. Kf6 Nb5 72. Nxb5 b1=Q 73. Nd6 Kd2 74. Nxf5 Kd3 75. Ng7
Ke4 76. f5 Qb2+ 77. Kg6 Qg2+ 78. Kf7 Ke5 79. f6 Qg4 80. Ke7 Qg6 81. Ne8 Qg5
82. Kd7 Qg4+ 83. Ke7 Qe6+ 84. Kf8 Qd7 85. f7 Ke6 86. Ng7+ Kf6 87. Nh5+ Kg6
88. Nf4+ Kh7 89. Ne6 Qd6+ 90. Ke8 Qxe6+ 91. Kf8 Kg6 92. Kg8 Qxf7+ 93. Kh8
Qe8# {White checkmated} 0-1

[Event "ICC tourney 1955 (60 10)"]
[Site "Internet Chess Club"]
[Date "2020.08.08"]
[Round "4"]
[White "DLWarrior"]
[Black "chessfirelord"]
[Result "1-0"]
[ICCResult "Black resigns"]
[WhiteElo "1878"]
[BlackElo "1444"]
[Opening "Queen's pawn, Mason variation"]
[ECO "D00"]
[NIC "QP.08"]
[Time "12:06:12"]
[TimeControl "3600+10"]

1. d4 d5 2. Bf4 Nf6 3. e3 Bf5 4. Nf3 c6 5. Bd3 Bxd3 6. Qxd3 e6 7. Nbd2 Nbd7
8. Ne5 Be7 9. Qe2 O-O 10. Qf3 Rc8 11. h4 c5 12. c3 cxd4 13. exd4 b5 14. O-O
Nb6 15. Rfe1 Nc4 16. h5 Nxd2 17. Bxd2 Ne4 18. Bf4 h6 19. a4 b4 20. c4 Bg5
21. cxd5 exd5 22. Rec1 Qf6 23. Bxg5 Qxf3 24. Nxf3 hxg5 25. Ne5 Nd2 26. Nc6
Kh7 27. Nxa7 Rxc1+ 28. Rxc1 Ra8 29. Rc7 f5 30. a5 Nc4 31. Nc6 Nxb2 32. Nxb4
Rxa5 33. Rd7 Kh6 34. Rxd5 Rxd5 35. Nxd5 Kxh5 36. Ne7 f4 37. Kf1 Nc4 38. Ke2
g4 39. Kd3 Nd6 40. d5 Kg5 41. Kd4 Kf6 42. Nc6 Nb7 43. Ne5 Kf5 44. Nf7 Kf6
45. Ne5 Kf5 46. Nc4 Kf6 47. Ke4 g3 48. fxg3 fxg3 49. Kd4 Ke7 50. Ke5 Kd7 51.
Kd4 Ke7 52. Nd2 Nd6 53. Ne4 Nxe4 54. Kxe4 Kd6 55. Kd4 Kd7 56. Ke5 Kd8 57.
Kd6 g6 58. Ke6 Ke8 59. d6 Kd8 60. d7 g5 61. Kd6 g4 62. Ke6 Kc7 63. Ke7
{Black resigns}
1-0

[Event "ICC tourney 1955 (60 10)"]
[Site "Internet Chess Club"]
[Date "2020.08.08"]
[Round "4"]
[White "VeronicaG"]
[Black "GutsyEdge"]
[Result "0-1"]
[ICCResult "White resigns"]
[WhiteElo "1814"]
[BlackElo "2072"]
[Opening "Queen's bishop game"]
[ECO "D00"]
[NIC "QP.08"]
[Time "12:07:35"]
[TimeControl "3600+10"]

1. d4 d5 2. Bf4 Nf6 3. Nf3 c5 4. c3 Nc6 5. e3 e6 6. Nbd2 Bd6 7. Bg3 O-O 8.
Bd3 b6 9. Qe2 Bb7 10. Rd1 Ne7 11. O-O Ne4 12. Bxe4 dxe4 13. Ng5 Bxg3 14.
fxg3 h6 15. Ngxe4 Qc8 16. Nd6 Qc6 17. Nxb7 Qxb7 18. Nc4 Nc6 19. a3 Rad8 20.
Rf2 a5 21. Qf3 Qc7 22. dxc5 b5 23. Rxd8 Rxd8 24. Nd6 Ne5 25. Qh5 Rxd6 26.
cxd6 Qxd6 27. Qe2 Nc4 28. Qf3 f5 29. h3 Qc5 30. Re2 Qd6 31. Rf2 Qc5 32. Re2
Qd6 33. Qf1 Qd3 34. Qe1 Qe4 35. Qc1 Qe5 36. Qe1 a4 37. e4 f4 38. gxf4 Qxf4
39. Qf2 Qe5 40. Qd4 Qf4 41. Qf2 Qe5 42. Re1 Kh7 43. Qd4 Qg3 44. Qf2 Qe5 45.
Qe2 Qc5+ 46. Kh1 Qe5 47. Qc2 Nd6 48. Re2 Kg8 49. Qd3 Nc4 50. Qd4 Qg5 51. Qd1
Qg3 52. Qd8+ Kh7 53. Qd4 Qf4 54. Qf2 Qe5 55. Qd4 Qf4 56. Qf2 Qg5 57. Kh2
Qe5+ 58. Qg3 Qh5 59. Rf2 Ne5 60. Rc2 Nc4 61. Rf2 Ne5 62. Rd2 Ng6 63. Rd6 Nf8
64. Rb6 Kg8 65. Qf3 Qe5+ 66. Kh1 Ng6 67. Rb7 Kh7 68. Qd3 Nf4 69. Qd4 Qg5 70.
Qf2 Nh5 71. Qe2 Ng3+ 72. Kh2 Nxe2 {White resigns} 0-1

[Event "ICC tourney 1955 (60 10)"]
[Site "Internet Chess Club"]
[Date "2020.08.08"]
[Round "4"]
[White "kaiclc"]
[Black "atevifred"]
[Result "1-0"]
[ICCResult "Black checkmated"]
[WhiteElo "2070"]
[BlackElo "1863"]
[Opening "Caro-Kann: two knights variation"]
[ECO "B11"]
[NIC "CK.08"]
[Time "12:07:22"]
[TimeControl "3600+10"]

1. e4 c6 2. Nc3 d5 3. Nf3 dxe4 4. Nxe4 Nd7 5. d4 Ngf6 6. Bd3 Nxe4 7. Bxe4
Nf6 8. Bd3 Bg4 9. c3 e6 10. O-O Be7 11. Bf4 O-O 12. h3 Bh5 13. g4 Bg6 14.
Bxg6 hxg6 15. Qb3 Nd5 16. Bg3 Qb6 17. Ne5 Rad8 18. Rfd1 Qxb3 19. axb3 a6 20.
Kf1 Bd6 21. c4 Ne7 22. c5 Bb8 23. Nc4 Bxg3 24. fxg3 Nc8 25. Ra4 Rd7 26. Rb4
Ne7 27. Nd6 Rb8 28. Ke2 Nd5 29. Ra4 Kf8 30. Kd3 Ke7 31. Rf1 Rf8 32. Raa1
Nb4+ 33. Kd2 Nd5 34. Rf3 f6 35. Rf2 Rb8 36. g5 Rxd6 37. cxd6+ Kxd6 38. h4
Rh8 39. gxf6 gxf6 40. Re1 Rh5 41. Re4 Ke7 42. Rfe2 Nc7 43. Rh2 Rd5 44. h5 f5
45. h6 Rd8 46. h7 Rh8 47. Ree2 Kf6 48. Kd3 Ne8 49. Ke3 Nd6 50. Kf4 Nf7 51.
g4 g5+ 52. Kf3 f4 53. Ke4 Rd8 54. b4 Kg7 55. Kd3 Rd6 56. Kc4 Kh8 57. Kc5
Rd5+ 58. Kb6 Nd8 59. Kc7 b5 60. Rh5 Rxd4 61. Rxg5 Kxh7 62. Rh2#
{Black checkmated}
1-0